 Dungeon Crawl Stone Soup version 0.30.1-4-g462c640d31 (webtiles) character file.

Game seed: 13465295137181188549

96 leafyfresh the Changer (level 4, 0/32 HPs)
             Began as a Merfolk Transmuter on Aug 19, 2023.
             Slain by a water moccasin (6 damage)
             ... on level 3 of the Dungeon.
             The game lasted 00:04:32 (1606 turns).

leafyfresh the Changer (Merfolk Transmuter)         Turns: 1606, Time: 00:04:33

Health: 0/32       AC:  2    Str: 10    XL:     4   Next: 67%
Magic:  3/7        EV: 26    Int: 12    God:
Gold:   115        SH:  0    Dex: 21    Spells: 3/7 levels left

rFire   . . .        e - melded +2 short sword (vamp)
rCold   . . .        (shield currently unavailable)
rNeg    . . .        a - melded +0 robe
rPois   x            (helmet currently unavailable)
rElec   .            g - melded scarf {+Inv}
rCorr   .            (gloves currently unavailable)
SInv    .            (boots currently unavailable)
Will    .....        (no amulet)
Stlth   ++           f - +5 ring of evasion
HPRegen 0.25/turn    (no ring)
MPRegen 0.10/turn

%: no passive effects
@: lethally poisoned (0 -> -6), spider-form (expiring)
A: venomous fangs, tiny, (nimble swimmer 2), (mertail)
a: End Transformation


You were on level 3 of the Dungeon.
You were a venomous arachnid creature.
You visited 1 branch of the dungeon, and saw 3 of its levels.

You collected 115 gold pieces.

Inventory:

Hand Weapons
 e - a +2 vampiric short sword (melded)
 n - a +0 trident of protection
Armour
 a - a +0 robe (melded)
 g - a scarf of invisibility (melded)
 i - a +0 buckler
 r - a +0 pair of gloves
Magical Staves
 q - a staff of cold
Jewellery
 f - a +5 ring of evasion (left front pincers)
Scrolls
 j - a scroll of enchant weapon {unknown}
 k - 2 scrolls of identify {unknown}
 m - 2 scrolls of fog {unknown}
 o - 2 scrolls of immolation {unknown}
 p - 2 scrolls of teleportation {unknown}
Potions
 b - a potion of lignification
 c - 4 potions of flight {unknown}
 d - 2 potions of haste {unknown}
 h - a potion of curing {unknown}
 l - a potion of degeneration {unknown}
 s - a potion of attraction {unknown}


   Skills:
 - Level 1.3 Fighting
 - Level 2.9 Dodging
 - Level 3.4 Unarmed Combat
 - Level 2.1 Spellcasting
 + Level 5.9 Transmutations


You had 3 spell levels left.
You knew the following spells:

 Your Spells              Type           Power      Damage    Failure   Level
a - Beastly Appendage     Tmut           30%        N/A       9%          1
b - Spider Form           Tmut/Pois      8%         N/A       45%         3

Your spell library contained the following spells:

 Spells                   Type           Power      Damage    Failure   Level
 Wereblood                Tmut           15%        N/A       12%         2
 Magic Dart               Conj           4%         1d3       47%         1
 Call Imp                 Summ           2%         N/A       61%         2
 Mephitic Cloud           Conj/Pois/Air  1%         N/A       82%         3
 Ice Form                 Ice/Tmut       8%         N/A       82%         4


Dungeon Overview and Level Annotations

Branches:
Dungeon (3/15)

Altars:
The Shining One


Innate Abilities, Weirdness & Mutations

You are a venomous arachnid creature.
You have venomous fangs.
You are tiny and dextrous.
Your spellcasting is less reliable in this form.
Your armour is entirely melded.
You are incapable of wielding weapons or throwing items.
((You are very nimble when in or above water. (Stealth+, EV+, Speed+++)))
((Your lower body shifts to a powerful aquatic tail in water.))


Message History

Your +0 robe melds into your body.
You feel the dreadful sensation subside.
The water moccasin misses you.
Unknown command.
You hit the water moccasin.
The water moccasin is severely wounded.
The water moccasin closely misses you. The water moccasin bites you.
You are lethally poisoned!
The water moccasin poisons you!
You hit the water moccasin but do no damage.
The water moccasin is severely wounded.
You feel very sick.
The water moccasin completely misses you.
You hit the water moccasin but do no damage.
The water moccasin is severely wounded.
You feel very sick.
The water moccasin completely misses you.
You hit the water moccasin.
The water moccasin is severely wounded.
You feel very sick.
The water moccasin looks more healthy.
The water moccasin completely misses you.
The water moccasin barely misses you.
You hit the water moccasin but do no damage.
The water moccasin is poisoned.
The water moccasin is severely wounded.
* * * LOW HITPOINT WARNING * * *
You feel sick. The water moccasin closely misses you.
Unknown command.
You closely miss the water moccasin.
The water moccasin is almost dead.
Your transformation is almost over.
* * * LOW HITPOINT WARNING * * *
You feel sick. The water moccasin misses you.
Unknown command.
You barely miss the water moccasin.
The water moccasin is almost dead.
* * * LOW HITPOINT WARNING * * *
You feel sick. The water moccasin bites you.
You die...

######.### ##...##
...#.....####)###.#
#.............# #.#
.#.#.#.#.##.#.###.#
##.#.#.#.##.##...##
#.#.#.#.##.###.##
#######.#..# #.#
#.#.####.## #.#[
#.>s# #.#.
#....S...#
............#
####.....#..#
+.###...... ##
#.##### .# .#


You could see a water moccasin (poisoned).

Vanquished Creatures
  Jessica (D:2)
  2 adders (D:3)
  A worm (D:2)
  3 dart slugs (D:1)
  An orc (D:3)
  5 bats
  5 endoplasms
  A giant cockroach (D:3)
  4 goblins (D:1)
  6 hobgoblins
  3 jackals (D:1)
  A quokka (D:1)
  4 kobolds
  5 rats
42 creatures vanquished.

Notes
Turn   | Place    | Note
-------+----------+-------------------------------------------
     0 | D:1      | leafyfresh the Merfolk Transmuter began the quest for the
                  | Orb.
     0 | D:1      | Reached XP level 1. HP: 15/15 MP: 3/3
    63 | D:1      | Reached XP level 2. HP: 20/21 MP: 5/5
    67 | D:1      | Reached skill level 3 in Transmutations
   328 | D:1      | Reached skill level 4 in Transmutations
   328 | D:1      | Reached XP level 3. HP: 13/26 MP: 6/6
   633 | D:2      | Learned a level 3 spell: Spider Form
   932 | D:2      | Noticed Jessica
   940 | D:2      | Killed Jessica
   941 | D:2      | Reached skill level 5 in Transmutations
   941 | D:2      | Reached XP level 4. HP: 27/32 MP: 3/7
  1079 | D:2      | Found a faded altar of an unknown god.
  1335 | D:3      | Found a glowing golden altar of the Shining One.
  1521 | D:3      | Noticed a water moccasin
  1583 | D:3      | Noticed a water moccasin
  1606 | D:3      | Slain by a water moccasin

Illustrated notes

Levels and vault maps discovered:
D:1:      nzn_arrival_crosshair, layout_basic
D:2:      layout_basic, hellmonk_ecumenical_altar_inner_sanctum, serial_curves,
          eino_curves_02, eino_curves_01, uniq_jessica
D:3:      minmay_chambers_of_twos, layout_loops_ring,
          mainiacjoe_overflow_concentric_impassable

Skill      XL: |  1  2  3 |
---------------+----------+-----
Transmutations | 4 5 |  5.9
Fighting       | |  1.3
Dodging        | |  2.9
Unarmed Combat | |  3.4
Spellcasting   | |  2.1

Action                     |  1- 3 |  4- 6 || total
---------------------------+-------+-------++-------
  Melee: Unarmed           |    68 |    19 ||    87
         Headbutt          |     5 |       ||     5
         Punch             |     1 |     1 ||     2
         Short sword       |    16 |    67 ||    83
   Cast: Beastly Appendage |     5 |       ||     5
         Spider Form       |     1 |     2 ||     3
   Stab: Sleeping          |     1 |     1 ||     2
 Armour: Robe              |    12 |     6 ||    18
  Dodge: Dodged            |    43 |    83 ||   126
